Map: Shrines of Lizul

Players

ZenStorm

  • Race: Terran Terran
  • League: Diamond
  • Spawn Location: 9:00

jOOk

  • Race: Zerg Zerg
  • Spawn Location: 6:00

OpuS

  • Race: Protoss Protoss
  • League: Platinum
  • Spawn Location: 3:00

Sketchaphone

  • Race: Zerg Zerg
  • League: Platinum
  • Spawn Location: 12:00

VOD

Have the link to the VOD?

Description

Time

  • Played on: Feb. 21, 2019, 8:59 p.m.
  • Length: 12:37
Show
View Real Time Build Order
Export as new Build Order

ZenStorm Terran 

Build Orders: Hellion Opening, Mech 

Get SALT Encoding   

  12  0:01  SCV  
  13  0:13  SCV  
  14  0:21  Supply Depot  
  14  0:25  SCV  
  15  0:29  Refinery  
  15  0:42  SCV  
  16  0:46  Barracks  
  16  0:54  SCV  
  17  0:59  Refinery  
  17  1:06  SCV  
  18  1:18  SCV  
  19  1:29  Supply Depot  
  19  1:31  SCV  
  20  1:43  SCV  
  20  1:45  Factory  
  21  1:48  Reaper  
  22  2:01  Factory  
  22  2:16  Orbital Command  
  22  2:29  Engineering Bay, Barracks Reactor  
  22  2:32  Hellion  
  24  2:50  Hellion  
  26  2:53  Hellion  
  27  3:11  Hellion  
  29  3:21  Command Center  
  29  3:31  Hellion  
  31  3:57  Hellion  
  31  4:11  Hellion  
  25  4:23  Factory  
  25  4:24  Widow Mine  
  25  4:25  Widow Mine, Factory  
  25  4:28  Armory  
  25  4:29  Missile Turret  
  25  4:30  SCV  
  30  5:01  Factory Tech Lab  
  30  5:03  Hellion  
  30  5:04  Hellion  
  34  5:11  Hellion  
  34  5:25  Hellion x2, Siege Tank  
  34  5:27  Hellion  
  43  5:31  SCV  
  44  5:46  Hellion  
  34  6:06  Hellion  
  34  6:08  Hellion  
  38  6:23  Planetary Fortress  
  38  6:32  Neosteel Armor  
  38  6:33  Factory Tech Lab  
  38  6:39  Factory Tech Lab, Missile Turret  
  38  6:50  Infernal Pre-Igniter  
  38  6:53  Drilling Claws  
  38  6:55  Hellion  
  38  6:56  SCV  
  38  6:59  SCV  
  42  7:07  Widow Mine  
  42  7:08  SCV  
  45  7:21  Supply Depot  
  45  7:28  Terran Vehicle Weapons Level 1  
  45  7:35  Supply Depot x2  
  45  7:39  Supply Depot  
  45  7:42  Widow Mine x4, Supply Depot  
  53  7:57  Widow Mine  
  55  8:04  Widow Mine x4  
  63  8:15  Hellion x6, SCV  
  63  8:18  Widow Mine  
  66  8:25  Widow Mine x3  
  72  8:37  SCV x2  
  74  8:46  Siege Tank  
  77  8:52  Command Center  
  77  9:01  Bunker  
  77  9:04  Barracks Reactor  
  77  9:08  SCV  
  78  9:16  Supply Depot  
  78  9:17  Supply Depot, SCV  
  79  9:20  Supply Depot  
  79  9:29  SCV  
  80  9:38  Siege Tank  
  76  9:48  Siege Tank  
  76  9:49  Widow Mine  
  77  9:56  Hellion x2  
  72  10:10  Hellion  
  72  10:11  Hellion  
  76  10:18  Hellion x2  
  76  10:21  Hellion  
  78  10:32  Hellion x2  
  82  10:39  Hellion, Siege Tank  
  81  10:45  Hellion  
  81  10:50  SCV  
  81  10:53  Hellion  
  81  10:54  Hellion  
  83  11:00  Hellion  
  82  11:07  Orbital Command  
  82  11:12  Missile Turret  
  82  11:15  Refinery, SCV  
  83  11:18  Missile Turret  
  83  11:24  Sensor Tower  
  83  11:26  SCV  
  84  11:58  Widow Mine x2, Siege Tank x2  
  94  12:08  Hellion x5  
Show
View Real Time Build Order
Export as new Build Order

jOOk Zerg 

Build Orders: Pool First 

Get SALT Encoding   

  12  0:01  Drone  
  13  0:10  Drone  
  14  0:22  Drone x2, Extractor x2  
  16  0:31  Overlord  
  16  0:34  Extractor  
  15  0:46  Spawning Pool  
  14  0:50  Drone  
  14  0:53  Drone  
  16  0:59  Drone  
  17  1:05  Drone  
  18  1:17  Drone  
  19  1:27  Drone  
  20  1:34  Queen  
  20  1:37  Overlord  
  20  1:38  Metabolic Boost  
  22  1:56  Zergling x2  
  22  2:00  Hatchery  
  22  2:02  Zergling x2  
  23  2:10  Zergling x2  
  24  2:22  Zergling x2  
  25  2:32  Zergling x2  
  26  2:43  Zergling x6  
  29  2:57  Zergling x2  
  29  3:16  Queen, Drone  
  29  3:18  Drone  
  29  3:19  Drone x2  
  35  3:49  Overlord x2  
  35  3:54  Drone  
  36  3:57  Drone  
  36  4:00  Drone  
  36  4:01  Drone  
  31  4:10  Spine Crawler, Zergling x2  
  31  4:11  Spine Crawler  
  30  4:22  Zergling x2  
  31  4:29  Spine Crawler  
  31  4:30  Zergling x2  
  31  4:31  Spine Crawler  
  31  4:34  Zergling x2  
  31  4:35  Zergling x4  
  31  4:37  Zergling x4  
  31  4:38  Zergling x8  
  39  4:46  Zergling x2  
  39  4:48  Lair  
  40  4:54  Drone  
  33  5:07  Zergling x2  
  33  5:08  Zergling x4  
  33  5:21  Zergling x2  
  34  5:30  Zergling x2  
  30  5:42  Zergling x2  
  29  5:45  Zergling x6  
  31  6:01  Spire, Zergling x2  
  31  6:12  Zergling x2  
  31  6:16  Zergling x2  
  33  6:19  Queen  
  33  6:22  Drone x6  
  33  6:23  Drone x3  
  44  6:28  Drone, Extractor  
  44  6:29  Extractor  
  43  6:34  Spore Crawler  
  42  6:58  Drone x3  
  45  7:12  Mutalisk x3  
  45  7:14  Overlord x3  
  51  7:21  Zerg Flyer Weapons Level 1  
  51  7:31  Drone  
  51  7:32  Spore Crawler  
  51  7:33  Drone x3, Mutalisk  
  51  7:34  Mutalisk x3  
  62  7:43  Zergling x4  
  64  7:50  Extractor, Mutalisk  
  65  7:52  Overlord x3  
  65  8:01  Mutalisk  
  67  8:16  Drone x3  
  67  8:17  Drone x2  
  72  8:22  Hatchery  
  72  8:24  Mutalisk x2  
  75  8:29  Zergling x6  
  78  8:38  Mutalisk  
  80  8:52  Mutalisk x2  
  84  9:02  Mutalisk  
  86  9:07  Overlord x2  
  86  9:10  Drone x2  
  88  9:30  Zergling x4  
  88  9:31  Zergling x4  
  92  9:38  Mutalisk  
  92  9:39  Mutalisk x3  
  92  9:40  Zergling x2  
  90  9:58  Zergling x10  
  87  10:05  Mutalisk x3  
  85  10:11  Zergling x2  
  80  10:18  Mutalisk  
  79  10:27  Mutalisk  
  80  10:29  Zergling x6  
  80  10:30  Zergling x2  
  84  10:47  Zergling x8  
  88  10:56  Hatchery  
  87  11:00  Zergling x2  
  87  11:01  Zergling x10  
  94  11:11  Zergling x4  
  94  11:12  Overlord, Zergling x8  
  99  11:19  Queen  
  99  11:22  Mutalisk  
  99  11:23  Mutalisk x3  
  99  11:24  Zergling x6  
  109  11:33  Hydralisk Den  
  109  11:38  Zergling x8  
  112  11:46  Mutalisk  
  112  12:01  Drone x5  
  112  12:03  Drone  
  112  12:07  Hydralisk  
  112  12:08  Hydralisk x3  
Show
View Real Time Build Order
Export as new Build Order

OpuS Protoss 

Build Orders:  

Get SALT Encoding   

  12  0:01  Probe  
  13  0:13  Probe  
  14  0:21  Pylon  
  14  0:29  Probe  
  15  0:40  Gateway  
  15  0:41  Probe  
  16  0:53  Probe  
  17  0:58  Assimilator  
  17  1:05  Probe  
  17  1:10  Assimilator  
  18  1:16  Gateway  
  18  1:20  Probe  
  19  1:29  Cybernetics Core  
  19  1:32  Probe  
  20  1:45  Pylon  
  20  1:50  Probe, Forge  
  21  1:55  Stalker  
  22  2:08  Warp Gate  
  22  2:15  Stalker  
  24  2:21  Probe  
  24  2:29  Probe  
  26  2:41  Pylon  
  26  2:48  Adept x2  
  30  3:08  Pylon  
  30  3:30  Adept x2  
  30  3:33  Gateway  
  34  3:36  Gateway  
  34  3:37  Twilight Council  
  32  4:11  Stalker x2  
  32  4:15  Charge  
  36  4:26  Robotics Facility  
  36  4:29  Protoss Ground Weapons Level 1  
  36  4:35  Zealot  
  36  4:36  Zealot x3  
  42  5:25  Stalker  
  42  5:26  Stalker  
  44  5:31  Nexus  
  38  5:45  Pylon  
  38  5:48  Pylon x2  
  26  6:05  Stargate  
  26  6:20  Stalker  
  26  6:21  Stalker  
  30  6:33  Immortal  
  34  6:43  Probe  
  34  6:44  Probe  
  36  6:55  Phoenix  
  36  6:59  Probe  
  39  7:02  Probe  
  40  7:12  Stalker  
  42  7:25  Immortal  
  42  7:29  Probe  
  47  7:31  Probe  
  48  7:41  Probe  
  48  7:43  Probe  
  50  7:48  Dark Shrine  
  50  7:53  Stalker, Blink  
  50  7:57  Probe x2  
  54  8:14  Immortal  
  58  8:29  Phoenix  
  60  8:35  Stargate  
  60  8:37  Probe x2  
  60  8:40  Assimilator  
  62  8:43  Assimilator  
  62  8:49  Probe x2  
  64  8:57  Phoenix  
  66  9:05  Probe x2  
  68  9:14  Phoenix  
  68  9:16  Phoenix  
  72  9:35  Phoenix  
  72  9:43  Phoenix  
  58  10:00  Phoenix  
  54  10:27  Phoenix x2  
  48  10:40  Dark Templar  
  50  10:44  Dark Templar  
  52  10:52  Phoenix  
  54  11:02  Phoenix  
  54  11:03  Zealot x2  
  56  11:11  Gateway  
  56  11:12  Gateway  
  56  11:14  Gateway  
  56  11:17  Gateway  
  56  11:19  Phoenix  
  58  11:40  Void Ray  
  62  11:55  Zealot x4  
  70  12:05  Fleet Beacon  
Show
View Real Time Build Order
Export as new Build Order

Sketchaphone Zerg 

Build Orders: Pool First 

Get SALT Encoding   

  12  0:02  Drone  
  13  0:13  Drone  
  14  0:28  Spawning Pool  
  13  0:33  Drone  
  13  0:35  Extractor  
  13  0:38  Drone  
  14  0:51  Overlord  
  14  1:09  Drone x3  
  17  1:36  Metabolic Boost  
  17  1:44  Hatchery  
  16  1:49  Drone  
  16  1:52  Zergling x2  
  18  1:56  Zergling x2  
  19  2:03  Overlord  
  19  2:17  Queen, Zergling x2  
  19  2:21  Drone  
  22  2:34  Zergling x2  
  23  2:47  Zergling x2  
  23  2:48  Spine Crawler  
  23  3:05  Drone x2  
  25  3:06  Zergling x2  
  25  3:11  Evolution Chamber  
  25  3:12  Drone  
  26  3:13  Queen  
  28  3:24  Drone  
  28  3:25  Zergling x2, Drone  
  31  3:30  Spine Crawler  
  31  3:31  Drone  
  31  3:39  Zergling x4  
  33  3:42  Zergling x2  
  33  3:46  Spine Crawler  
  33  3:47  Drone  
  26  4:03  Zergling x6, Zerg Melee Weapons Level 1  
  19  4:24  Drone x3  
  22  4:33  Drone  
  23  4:43  Zergling x2  
  24  4:47  Zergling x2  
  24  4:49  Drone  
  26  4:53  Drone  
  26  4:58  Drone  
  28  5:01  Zergling x2  
  26  5:14  Zergling x10  
  29  5:24  Drone  
  29  5:26  Drone x2  
  29  5:27  Queen  
  29  5:28  Drone  
  33  6:03  Drone x2  
  34  6:07  Lair  
  32  6:17  Drone x3  
  32  6:18  Overlord, Roach Warren, Drone  
  35  6:19  Overlord  
  35  6:32  Queen, Extractor  
  34  6:34  Extractor  
  34  6:35  Overlord  
  34  6:36  Drone  
  36  7:00  Overlord, Drone x2  
  39  7:01  Roach  
  39  7:02  Roach x4  
  39  7:04  Drone  
  48  7:09  Zergling x8  
  52  7:27  Overlord, Zerg Ground Armor Level 1  
  52  7:28  Drone x2  
  52  7:29  Overlord, Hatchery  
  53  7:31  Roach  
  53  7:33  Ravager  
  56  8:01  Roach x5  
  56  8:02  Roach  
  67  8:08  Roach  
  68  8:16  Roach x4  
  76  8:29  Roach x3  
  76  8:33  Hydralisk Den  
  81  8:36  Overlord  
  81  8:51  Ravager x2  
  81  8:52  Ravager  
  81  8:53  Zergling x10  
  81  8:54  Overlord  
  81  8:55  Overlord  
  89  8:57  Extractor  
  89  9:00  Drone  
  89  9:06  Queen  
  91  9:19  Roach, Hydralisk x2  
  91  9:20  Hydralisk x2  
  91  9:23  Spore Crawler  
  93  9:26  Spore Crawler  
  79  9:34  Overseer  
  46  9:58  Hydralisk x3  
  26  10:35  Roach  
  28  10:44  Hydralisk  
  18  11:03  Hydralisk  
  18  11:09  Drone  
  15  11:29  Hydralisk  
  15  11:30  Hydralisk  
  19  11:36  Drone  
  18  11:56  Hydralisk x2  
  20  12:07  Drone x2  
  22  12:17  Drone x2  
Tags
 
Add a new tag
Caveats
  • Supply blocks, unpowered buildings, or Contaminate may cause inaccurate times.
  • Supply counts are checked every 10 seconds.